AoeStats
← FC_M@sTer

Arabia

505605886Analyzed
1v1 RM · 23d ago on Sep 10, 2026· 35m 56s· 2 players
Game mode
Random Map
Map size
Tiny (2 player)
Population
200
Speed
Normal
Resources
Standard
Victory
Conquest
Starting age
Dark Age
Ending age
Imperial Age
RankedLock teamsTeams togetherTeam positionsShared explorationLock speedFull tech treeHidden civsTurbo modeCheats
Victory
Defeat
🇮🇪 Byzantines · Ireland
1557
+15
🇨🇴 Burmese · Colombia
1536
-15
FC_M@sTer
0:55 Loom
13:21 Feudal Age
19:17 Castle Age
22:38 Fletching
33:41 Sanctity
TheMangledBadger
4:01 Loom
12:13 Feudal Age
12:51 Double-Bit Axe
17:13 Fletching
24:32 Castle Age
22:55 Horse Collar
24:40 Crossbowman
25:17 Bodkin Arrow
27:16 Scale Barding Armor
32:26 Devotion
37:03 Wheelbarrow
Connection lost

Rejoining the realm…

Still unreachable

The connection could not be restored.

Session expired

The server has moved on; the page needs a fresh start.